 Dungeon Crawl Stone Soup version 0.20-a0-1101-g1de9d76 (webtiles) character file.

772 Monsterracer the Archer (level 7, -7/59 HPs)
             Began as a Centaur Hunter on May 4, 2017.
             Was an Initiate of Okawaru.
             Killed from afar by Dowan (13 damage)
             ... with a shard of ice
             ... on level 4 of the Dungeon.
             The game lasted 00:17:27 (3227 turns).

Monsterracer the Archer (Centaur Hunter)            Turns: 3227, Time: 00:17:28

Health: -7/59      AC: 10    Str: 15    XL:     7   Next: 53%
Magic:  7/8        EV:  9    Int: 10    God:    Okawaru [......]
Gold:   120        SH:  0    Dex: 11    Spells: 6/6 levels left

rFire    + . .     SeeInvis .   a - +1 shortbow
rCold    . . .     Gourm    .   (shield currently unavailable)
rNeg     . . .     Faith    .   p - +3 leather armour {rF+}
rPois    .         Spirit   .   (no helmet)
rElec    .         Reflect  .   g - +0 cloak
rCorr    +         Harm     .   (no gloves)
MR       .....                  (no barding)
Stlth    +.........             (no amulet)
Regen    0.6/turn               q - ring of resist corrosion
MPRegen  0.2/turn               (no ring)

@: glowing, very quick
A: hooves 3, thin metallic scales 1, deformed body, speed 2, regeneration 1,
tough skin 3
a: Renounce Religion


You were on level 4 of the Dungeon.
You worshipped Okawaru.
Okawaru was noncommittal.
You were not hungry.

You visited 2 branches of the dungeon, and saw 6 of its levels.

You collected 120 gold pieces.

Inventory:

Hand Weapons
 a - a +1 shortbow (weapon)
Missiles
 d - an arrow (quivered)
Armour
 g - a +0 cloak (worn)
 p - a +3 leather armour of fire resistance (worn)
Jewellery
 k - a cursed ring of teleportation
 q - a ring of resist corrosion (left hand)
Wands
 c - a wand of lightning (11/15)
 m - a wand of flame (29/48)
 n - a wand of iceblast (8/15)
Scrolls
 b - 5 scrolls of identify
 e - a scroll of enchant armour
 h - 3 scrolls of remove curse
 i - 3 scrolls of recharging
Comestibles
 f - 4 bread rations
 j - a chunk of flesh
 s - 2 meat rations


   Skills:
 + Level 4.0 Fighting
 * Level 9.2 Bows
 - Level 1.3 Dodging
 - Level 0.4 Stealth
 * Level 4.4 Unarmed Combat
 + Level 1.4 Invocations


You had 6 spell levels left.
You didn't know any spells.

Dungeon Overview and Level Annotations

Branches:
Dungeon (5/15)             Temple (1/1) D:4

Altars:
Ashenzari
Cheibriados
Dithmenos
Elyvilon
Fedhas
Gozag
Hepliaklqana
Kikubaaqudgha
Nemelex Xobeh
Okawaru
Qazlal
Ru
Sif Muna
Trog
Vehumet
Xom
Yredelemnul
Zin
The Shining One

Shops:
D:4 (

Annotations:
D:4 Dowan


Innate Abilities, Weirdness & Mutations

You have hooves in place of feet.
Armour fits poorly on your strangely shaped body.
You cover ground very quickly.
You have extremely tough skin. (AC +3)
You are partially covered in thin metallic scales. (AC +2)
Your natural rate of healing is unusually fast.


Message History

* * * LOW HITPOINT WARNING * * *
Duvessa hits you with a rapier!
* * * LOW HITPOINT WARNING * * *
Okay, then.
Evoke which item? (* to show all) (? for menu, Esc to quit)
Aiming: Lightning Bolt
Press: ? - help, Shift-Dir - straight line, f/p - Duvessa
Aim: Duvessa, wielding a rapier and wearing a chain mail (severely wounded, fast)
You hear a mighty clap of thunder!
The bolt of lightning hits Duvessa.
You kill Duvessa!
Okawaru accepts your kill.
Dowan's eyes darken. "You have made a black mistake."
Dowan seems to find hidden reserves of power!
This wand has 11 charges left.
Dowan completely misses you.
Things that are here:
a rapier; a chain mail; 3 arrows Dowan points at you and mumbles some strange words.
The shard of ice hits you!
You die...

# #........##.#############.#
#######....###.##..........†÷<#.#
.............#.##########...#.#.#
.............#.##########.#.#.#.#
######.......#............#.#.#.#
###...################......
#...# ############....
##.########..............#
#.......@)e##############
############


You could see Dowan.

Vanquished Creatures
  Grinder (D:3)
  Duvessa (D:4)
  2 ogres
  A bullfrog zombie (D:3)
  A crimson imp (D:5)
  A bullfrog skeleton (D:4)
  Jessica (D:2)
  Ijyb (D:3)
  A worker ant (D:4)
  6 adders
  A gnoll (D:4)
  A worm (D:4)
  A dart slug (D:3)
  A leopard gecko (D:3)
  9 orcs
  2 ball pythons (D:1)
  7 bats
  7 giant cockroaches
  5 goblins
  4 hobgoblins (D:1)
  5 jackals (D:4)
  5 kobolds
  3 frilled lizards
  5 rats
72 creatures vanquished.

Notes
Turn   | Place    | Note
-------+----------+-------------------------------------------
     0 | D:1      | Monsterracer the Centaur Hunter began the quest for the Orb.
     0 | D:1      | Reached XP level 1. HP: 17/17 MP: 1/1
   127 | D:1      | You fall through a shaft!
   238 | D:1      | Reached XP level 2. HP: 23/24 MP: 2/2
   260 | D:1      | Gained mutation: Your natural rate of healing is unusually fast. [potion of mutation]
   260 | D:1      | Gained mutation: You are partially covered in thin metallic scales. (AC +2) [potion of mutation]
   782 | D:2      | Found an ancient bone altar of Kikubaaqudgha.
   820 | D:2      | Reached skill level 1 in Unarmed Combat
   879 | D:2      | Found a bloodstained altar of Trog.
   976 | D:2      | Reached skill level 6 in Bows
   988 | D:2      | Noticed Jessica
   991 | D:2      | Killed Jessica
   991 | D:2      | Reached XP level 3. HP: 7/29 MP: 3/3
  1230 | D:3      | Found a shattered altar of Ashenzari.
  1232 | D:3      | Reached XP level 4. HP: 37/37 MP: 4/4
  1545 | D:3      | Reached skill level 7 in Bows
  1545 | D:3      | Reached XP level 5. HP: 42/44 MP: 5/5
  1588 | D:3      | Noticed Ijyb
  1595 | D:3      | Noticed Grinder
  1604 | D:3      | Killed Ijyb
  1722 | D:3      | Killed Grinder
  1722 | D:3      | Reached skill level 8 in Bows
  1722 | D:3      | Reached XP level 6. HP: 7/51 MP: 6/6
  2119 | D:4      | Found a staircase to the Ecumenical Temple.
  2134 | Temple   | Entered the Ecumenical Temple
  2141 | Temple   | Became a worshipper of Warmaster Okawaru
  2492 | D:4      | Reached XP level 7. HP: 58/58 MP: 7/7
  2760 | D:4      | Reached skill level 9 in Bows
  2764 | D:4      | Found Ipnus's Antique Weapon Shop.
  2989 | D:4      | Found a shadowy altar of Dithmenos.
  3093 | D:5      | Entered Level 5 of the Dungeon
  3121 | D:5      | Reached skill level 1 in Invocations
  3164 | D:5      | Noticed Duvessa
  3167 | D:5      | Noticed Dowan
  3225 | D:4      | Killed Duvessa
  3227 | D:4      | Killed from afar by Dowan

Vault maps used:
D:1:      dpeg_arrival_water_temple_mockup
D:2:      lightli_temple_of_fire, kiku_gazebo_pond_becter, first_bread,
          uniq_jessica
D:3:      ashenzari_altar_1, uniq_grinder, uniq_ijyb
D:4:      nicolae_dithmenos_the_darkroom, minmay_temple_entry_overgrown,
          serial_shops, shop
D:5:      makhleb_altar_promises_db, serial_shops, nicolae_shop_window_shopping,
          enter_ossuary_4, uniq_duvessa, uniq_prince_ribbit1
Temple:   regret_index_temple_waves

Skill      XL: |  1  2  3  4  5  6  7 |
---------------+----------------------+-----
Unarmed Combat | 1 2 3 4 |  4.4
Bows           | 6 7 8 9 |  9.2
Fighting       | 3 4 |  4.0
Invocations    | 1 |  1.4
Dodging        | |  1.3
Stealth        | |  0.4

Action                   |  1- 3 |  4- 6 |  7- 9 || total
-------------------------+-------+-------+-------++-------
Melee: Unarmed           |   135 |   101 |    26 ||   262
       Kick              |    24 |    22 |     3 ||    49
       Punch             |       |     1 |     1 ||     2
 Fire: Shortbow          |    14 |    53 |    25 ||    92
Evoke: Wand              |       |       |     2 ||     2
  Use: Potion            |     2 |     4 |       ||     6
       Scroll            |     1 |     6 |     3 ||    10
  Eat: Chunk             |       |     3 |     2 ||     5
Armor: Leather armour    |    57 |    43 |    12 ||   112
Dodge: Dodged            |    70 |    50 |    23 ||   143
